Map: Acid Plant LE

Players

KLÜFT

  • Race: Zerg Zerg
  • League: Master
  • Spawn Location: 11:00

zuka - Winner!

  • Race: Protoss Protoss
  • League: Master
  • Spawn Location: 5:00

VOD

Have the link to the VOD?

Description

Time

  • Played on: Oct. 16, 2018, 3:05 p.m.
  • Length: 5:00
Show
View Real Time Build Order
Export as new Build Order

KLÜFT Zerg 

Build Orders: Hatch First 

Get SALT Encoding   

  12  0:00  Drone  
  13  0:13  Overlord  
  13  0:17  Drone  
  14  0:31  Drone x2  
  16  0:49  Hatchery  
  15  0:52  Drone  
  15  0:56  Drone  
  17  0:59  Drone  
  18  1:10  Extractor  
  17  1:15  Spawning Pool  
  17  1:17  Drone  
  17  1:22  Drone  
  18  1:29  Drone  
  19  1:40  Overlord  
  19  1:53  Drone  
  20  2:03  Queen  
  20  2:04  Spine Crawler, Zergling x4  
  23  2:08  Spine Crawler  
  23  2:11  Zergling x2  
  23  2:16  Metabolic Boost  
  23  2:20  Zergling x2  
  24  2:39  Queen  
  26  2:55  Drone x3  
  26  2:56  Roach Warren  
  28  3:06  Drone  
  28  3:07  Drone  
  30  3:24  Zergling x6  
  29  3:31  Zergling x2  
  28  4:03  Overlord  
  28  4:07  Overlord x2  
  28  4:10  Spine Crawler, Queen  
  29  4:25  Roach  
Show
View Real Time Build Order
Export as new Build Order

zuka Protoss - Winner!

Build Orders:  

Get SALT Encoding   

  12  0:00  Probe  
  13  0:13  Probe  
  14  0:25  Probe  
  15  0:39  Pylon  
  15  0:58  Gateway x2  
  15  1:02  Gateway  
  15  1:11  Gateway  
  15  1:19  Pylon  
  15  1:40  Zealot  
  15  1:45  Zealot  
  15  1:46  Zealot  
  19  1:49  Zealot  
  23  2:06  Zealot  
  25  2:12  Zealot  
  25  2:13  Zealot  
  29  2:17  Pylon  
  29  2:27  Zealot  
  31  2:38  Zealot  
  31  2:39  Zealot  
  35  2:45  Zealot  
  37  2:56  Pylon  
  37  3:02  Zealot  
  39  3:14  Zealot  
  39  3:17  Zealot  
  39  3:21  Zealot  
  37  3:32  Zealot  
  35  3:41  Zealot  
  33  3:56  Zealot  
  33  3:58  Zealot  
  33  4:01  Zealot  
  33  4:12  Zealot  
  35  4:24  Zealot  
  37  4:25  Zealot  
  37  4:32  Zealot x2  
Tags
 
Add a new tag
Caveats
  • Supply blocks, unpowered buildings, or Contaminate may cause inaccurate times.
  • Supply counts are checked every 10 seconds.